 Dungeon Crawl Stone Soup version 0.20.1-1-g8b1a95d (webtiles) character file.

30 RusskiyBorsh the Skirmisher (level 3, -4/29 HPs)
             Began as a Demonspawn Abyssal Knight on Aug 22, 2017.
             Was a Follower of Lugonu.
             Slain by Sigmund
             ... wielding a +0 scythe
              (5 damage)
             ... on level 2 of the Dungeon.
             The game lasted 00:09:47 (1354 turns).

RusskiyBorsh the Skirmisher (DsAK)                  Turns: 1354, Time: 00:09:48

Health: -4/29      AC:  4    Str: 17 (18) XL:     3   Next: 5%
Magic:  0/5        EV: 11    Int: 11 (13) God:    Lugonu [*.....]
Gold:   49         SH:  0    Dex: 10 (12) Spells: 2/2 levels left

rFire    . . .     SeeInvis .   a - +1 falchion
rCold    . . .     Gourm    .   (no shield)
rNeg     . . .     Faith    .   b - +0 leather armour
rPois    .         Spirit   +   (no helmet)
rElec    .         Reflect  .   e - scarf {Spirit}
rCorr    .         Harm     .   (no gloves)
MR       .....                  k - +0 pair of boots
Stlth    +.........             (no amulet)
Regen    0.1/turn               (no ring)
MPRegen  0.1/turn               (no ring)

@: mighty, flying
A: demonic guardian 1, powered by death 1
a: Depart the Abyss, Renounce Religion


You were on level 2 of the Dungeon.
You worshipped Lugonu.
Lugonu was aware of your devotion.
You were not hungry.

You visited 1 branch of the dungeon, and saw 2 of its levels.
You visited the Abyss 1 time.

You collected 49 gold pieces.

Inventory:

Hand Weapons
 a - a +1 falchion (weapon)
Armour
 b - a +0 leather armour (worn)
 e - a scarf of spirit shield (worn)
 j - a +0 leather armour
 k - a +0 pair of boots (worn)
Scrolls
 d - a scroll of remove curse {unknown}
 h - 2 scrolls of teleportation {unknown}
Comestibles
 c - a bread ration
 f - 2 royal jellies


   Skills:
 + Level 3.4 Fighting
 + Level 2.2 Long Blades
 + Level 2.2 Armour
 + Level 0.8 Dodging
 + Level 2.7 Invocations


You had 2 spell levels left.
You didn't know any spells.

Dungeon Overview and Level Annotations

Branches:
Dungeon (2/15)

Altars:

Annotations:
D:2 Sigmund


Innate Abilities, Weirdness & Mutations

A weak demonic guardian rushes to your aid.
You regenerate a little health from kills.


Message History

* * * LOW HITPOINT WARNING * * *
It was a potion of degeneration.
There was something very wrong with that liquid.
You feel weakened.
You feel dopey.
You feel clumsy. Something hits you.
* * * LOW HITPOINT WARNING * * *
You closely miss something. Something hits you.
* * * LOW HITPOINT WARNING * * *
You barely miss something.
Sigmund appears from thin air!
Reactivating autopickup.
Sigmund barely misses you.
You hit Sigmund.
Sigmund is severely wounded.
Sigmund hits you with a scythe.
* * * LOW HITPOINT WARNING * * *
You barely miss Sigmund.
Sigmund is severely wounded.
Your white imp gestures at Sigmund.
The puff of frost misses Sigmund.
Sigmund hits you with a scythe.
You die...

#.............
#.####.######.
#.# #.# #.##
#(.# # ##.##
#.####5..####.#
#...@@........#
######...######
##.## #.# #.#
#.# #.# #.# #.#


You could see Sigmund and a friendly white imp.

Vanquished Creatures
  An adder (D:2)
  A dart slug (D:1)
  2 leopard geckos (D:1)
  2 hobgoblins (D:1)
  3 bats (D:1)
  2 goblins (D:1)
  4 kobolds (D:1)
  3 rats (D:1)
18 creatures vanquished.

Notes
Turn   | Place    | Note
-------+----------+-------------------------------------------
     0 | Abyss:1  | RusskiyBorsh the Demonspawn Abyssal Knight began the quest for the Orb.
     0 | Abyss:1  | Reached XP level 1. HP: 18/18 MP: 2/2
     8 | D:1      | Escaped the Abyss
    43 | D:1      | Reached * piety under Lugonu
   441 | D:1      | Gained mutation: A weak demonic guardian rushes to your aid. [demonic ancestry]
   441 | D:1      | Reached XP level 2. HP: 24/24 MP: 3/3
  1297 | D:2      | Noticed Sigmund
  1318 | D:2      | Gained mutation: You regenerate a little health from kills. [demonic ancestry]
  1318 | D:2      | Reached XP level 3. HP: 29/29 MP: 5/5
  1353 | D:2      | HP: 1/29 [Sigmund/scythe (1)]
  1354 | D:2      | Slain by Sigmund

Skill      XL: |  1  2 |
---------------+-------+-----
Armour         | 2 |  2.2
Long Blades    | 2 |  2.2
Fighting       | |  3.4
Dodging        | |  0.8
Invocations    | |  2.7

Action                   || total
-------------------------++-------
Melee: Falchion          ||    53
Invok: Depart the Abyss  ||     1
  Use: Potion            ||     3
  Eat: Chunk             ||     1
Armor: Leather armour    ||    11
       Skin              ||    21
Dodge: Dodged            ||    35
       Rpst.: Falchion   ||    12
